AoeStats
← Ugapiku

Baltic

511037615Analyzed
2v2 RM · 6h ago on Oct 3, 2026· 44m 30s· 4 players
Game mode
Random Map
Map size
Medium (4 player)
Population
200
Speed
Normal
Resources
Standard
Victory
Conquest
Starting age
Dark Age
Ending age
Imperial Age
RankedLock teamsTeams togetherTeam positionsShared explorationLock speedFull tech treeHidden civsTurbo modeCheats
Victory
Defeat
🇪🇸 Persians · Spain
942
+12
🇵🇱 Japanese · Poland
840
+16
🇱🇹 Varangians · Lithuania
913
-21
🇱🇹 Burgundians · Lithuania
793
-12
92marcinkol92
0:32 Loom
14:59 Feudal Age
16:01 Double-Bit Axe
17:00 Fishing Lines
20:29 Castle Age
18:42 Stone Mining
18:51 Gold Mining
19:19 Fletching
19:40 Forging
19:30 Scale Mail Armor
20:57 Horse Collar
23:05 Wheelbarrow
22:15 Town Watch
23:22 Gold Shaft Mining
22:45 Gillnets
25:44 Hand Cart
25:30 Town Patrol
32:29 Imperial Age
31:35 Iron Casting
31:16 Chain Mail Armor
30:56 Bodkin Arrow
38:05 Heavy Plow
38:38 Elite Samurai
43:27 Blast Furnace
43:31 Bow Saw
44:36 Plate Mail Armor
44:49 Bracer
Ksawery
3:19 Loom
9:52 Feudal Age
10:17 Double-Bit Axe
16:29 Gold Mining
18:53 Castle Age
18:24 Fletching
18:35 Padded Archer Armor
18:40 Horse Collar
18:58 Crossbowman
20:25 Wheelbarrow
20:05 Bodkin Arrow
31:44 Leather Archer Armor
31:41 Forging
32:05 Bow Saw
33:27 Scale Barding Armor
33:58 Iron Casting
34:06 Bloodlines
33:57 Husbandry
35:26 Chain Barding Armor
34:59 Town Watch
35:33 Hand Cart
36:48 Gold Shaft Mining
36:03 Stone Mining
38:54 Imperial Age
37:19 Coinage
37:36 Kamandaran
38:46 Heavy Plow
40:16 Chemistry
39:37 Ballistics
38:49 Cavalier
40:08 Plate Barding Armor
40:34 Blast Furnace
40:27 Conscription
40:15 Thumb Ring
40:46 Ring Archer Armor
41:51 Town Patrol
42:17 Light Cavalry
43:49 Savar
Ugapiku
8:00 Loom
12:53 Feudal Age
17:50 Castle Age
15:32 Horse Collar
15:39 Double-Bit Axe
16:59 Wheelbarrow
18:10 Fletching
18:20 Padded Archer Armor
19:06 Bodkin Arrow
19:57 Leather Archer Armor
20:01 Bow Saw
19:45 Crossbowman
21:05 Gold Mining
25:04 Ballistics
27:35 Man-at-Arms
28:02 Gambesons
28:19 Squires
32:43 Heavy Plow
36:09 Imperial Age
33:23 Long Swordsman
35:16 Forging
35:08 Scale Mail Armor
36:36 Iron Casting
36:31 Stone Mining
38:08 Two-Man Saw
38:50 Chain Mail Armor
45:01 Stone Shaft Mining
Lasernight
6:08 Loom
10:03 Feudal Age
11:37 Feudal Age
11:32 Horse Collar
11:44 Double-Bit Axe
18:32 Castle Age
18:41 Bow Saw
20:33 Pikeman
32:21 Forging
32:11 Scale Mail Armor
32:16 Scale Barding Armor
37:13 Imperial Age
35:21 Wheelbarrow
35:11 Horse Collar
36:56 Two-Man Saw
35:58 Heavy Plow
37:05 Burgundian Vineyards
37:23 Gold Mining
38:51 Crop Rotation
38:19 Cavalier
39:00 Husbandry
40:56 Gold Shaft Mining
40:32 Halberdier
42:16 Squires
42:08 Paladin
Connection lost

Rejoining the realm…

Still unreachable

The connection could not be restored.

Session expired

The server has moved on; the page needs a fresh start.